 Dungeon Crawl Stone Soup version 0.21.1-1-g345015f (webtiles) character file.

43 tognito the Chopper (level 3, -1/31 HPs)
             Began as a Minotaur Berserker on June 2, 2018.
             Was a Believer of Trog.
             Slain by an orc
             ... wielding a +3 falchion of flaming
              (5 damage)
             ... on level 3 of the Dungeon.
             The game lasted 00:01:54 (1045 turns).

tognito the Chopper (Minotaur Berserker)            Turns: 1045, Time: 00:01:55

Health: -1/31      AC:  7    Str: 22    XL:     3   Next: 37%
Magic:  2/2        EV: 11    Int:  4    God:    Trog [**....]
Gold:   107        SH:  0    Dex:  9    Spells: 2/2 levels left

rFire    + . .     SeeInvis .   a - +0 hand axe
rCold    . . .     Gourm    .   (no shield)
rNeg     . . .     Faith    .   j - +0 ring mail
rPois    +         Spirit   .   (helmet restricted)
rElec    .         Reflect  .   (no cloak)
rCorr    .         Harm     .   (no gloves)
MR       .....                  (no boots)
Stlth    ..........             (no amulet)
HPRegen  0.10/turn              f - ring of poison resistance
MPRegen  0.08/turn              k - ring of protection from fire

@: no status effects
A: retaliatory headbutt, horns 2, iridescent scales 1, molten scales 1, deformed
body, mutation resistance 1
a: Berserk, Trog's Hand, Burn Spellbooks, Renounce Religion


You were on level 3 of the Dungeon.
You worshipped Trog.
Trog was pleased with you.
You were not hungry.

You visited 1 branch of the dungeon, and saw 3 of its levels.

You collected 107 gold pieces.

Inventory:

Hand Weapons
 a - a +0 hand axe (weapon)
Missiles
 i - 35 bolts
 m - 15 arrows
Armour
 j - a +0 ring mail (worn)
Jewellery
 f - a ring of poison resistance (left hand)
 k - a ring of protection from fire (right hand)
Scrolls
 d - 2 scrolls of remove curse {unknown}
 e - a scroll of teleportation {unknown}
 g - a scroll of blinking {unknown}
 h - a scroll of identify {unknown}
 l - a scroll of fear {unknown}
Comestibles
 b - 4 chunks of flesh
 c - 2 rations


   Skills:
 - Level 3.6 Fighting
 + Level 5.4 Axes
 - Level 2.4 Armour
 - Level 2.1 Dodging


You had 2 spell levels left.
You didn't know any spells.

Dungeon Overview and Level Annotations

Branches:
Dungeon (3/15)

Altars:


Innate Abilities, Weirdness & Mutations

You reflexively headbutt those who attack you in melee.
You have a pair of horns on your head.
You are partially covered in iridescent scales. (AC +2)
You are partially covered in molten scales. (AC +2)
Armour fits poorly on your strangely shaped body.
You are somewhat resistant to further mutation.


Message History

You barely miss the orc priest. You barely miss the orc.
The orc priest barely misses you. The orc barely misses you.
You slash the orc!
You kill the orc!
Trog accepts your kill.
You hit the orc priest. You hit the orc but do no damage.
The orc hits you with a falchion of flaming.
The orc priest closely misses you.
You barely miss the orc. Your headbutt misses the orc.
You closely miss the orc priest.
The orc hits you with a falchion of flaming.
The orc burns you. The orc priest hits you with a mace.
You barely miss the orc. You barely miss the orc priest.
The orc hits you with a falchion of flaming.
The orc priest calls down the wrath of Beogh upon you.
Beogh smites you!
* * * LOW HITPOINT WARNING * * *
You barely miss the orc. Your headbutt misses the orc. You hit the orc priest.
The orc hits you with a falchion of flaming.
You die...

#.. #.# #.#
#####.#######
#......<....#
#.###.####.#.#
#.#
###.###.##.##
.......@o...#
.##..##o)..#.#
.... ##...#
#.. .$.# #.
...# # ...#
.?.. ...##


You could see an orc priest and an orc.

Vanquished Creatures
  An adder (D:2)
  An ooze (D:1)
  A dart slug (D:2)
  An orc (D:3)
  2 bats
  2 goblins
  5 hobgoblins
  4 jackals (D:1)
  4 kobolds
  2 ball pythons (D:1)
23 creatures vanquished.

Notes
Turn   | Place    | Note
-------+----------+-------------------------------------------
     0 | D:1      | tognito the Minotaur Berserker began the quest for the Orb.
     0 | D:1      | Reached XP level 1. HP: 19/19 MP: 0/0
   160 | D:1      | Reached skill level 4 in Axes
   219 | D:1      | Reached XP level 2. HP: 20/26 MP: 1/1
   588 | D:2      | Reached skill level 5 in Axes
   637 | D:2      | Gained mutation: You are partially covered in iridescent scales. (AC +2) [potion of mutation]
   637 | D:2      | Gained mutation: Armour fits poorly on your strangely shaped body. [potion of mutation]
   637 | D:2      | Gained mutation: You are partially covered in molten scales. (AC +2) [potion of mutation]
   637 | D:2      | Gained mutation: You are somewhat resistant to further mutation. [potion of mutation]
   823 | D:2      | Reached XP level 3. HP: 31/31 MP: 2/2
   887 | D:2      | Reached ** piety under Trog
  1045 | D:3      | Slain by an orc

Skill      XL: |  1  2 |
---------------+-------+-----
Axes           | 4 5 |  5.4
Fighting       | |  3.6
Armour         | |  2.4
Dodging        | |  2.1

Action                   || total
-------------------------++-------
Melee: Hand axe          ||    48
       Headbutt          ||     3
  Use: Potion            ||     4
 Stab: Sleeping          ||     1
       Distracted        ||     1
Armor: Ring mail         ||    11
       Animal skin       ||     1
Dodge: Dodged            ||    30
